Map: Ulrena

Players

Elazer - Winner!

  • Race: Zerg Zerg
  • League: Grandmaster

NoRegreT

  • Race: Zerg Zerg
  • League: Grandmaster

Event: Homestory Cup XII

VOD

Have the link to the VOD?

Description

Time

  • Played on: Dec. 18, 2015, 12:45 p.m.
  • Length: 7:43

All games in this series

Show
View Real Time Build Order
Export as new Build Order

Elazer Zerg - Winner!

Build Orders: Pool First, Zergling Baneling 

Get SALT Encoding   

  12  0:00  Drone  
  13  0:12  Overlord  
  13  0:17  Drone  
  14  0:31  Drone x2  
  14  0:34  Drone  
  17  0:36  Extractor  
  16  0:47  Spawning Pool  
  15  0:50  Drone  
  15  0:56  Drone  
  17  1:06  Drone  
  18  1:17  Overlord  
  18  1:33  Queen  
  18  1:34  Zergling x2  
  18  1:39  Metabolic Boost  
  21  1:41  Zergling x2  
  22  1:49  Spine Crawler  
  22  1:50  Zergling x2  
  22  1:59  Baneling Nest  
  22  2:01  Zergling x2  
  22  2:09  Queen  
  22  2:12  Zergling x2  
  25  2:23  Zergling x2  
  26  2:37  Hatchery  
  25  2:42  Baneling x2  
  25  2:43  Baneling  
  25  2:58  Queen  
  24  2:59  Zergling x2  
  22  3:10  Zergling x2  
  22  3:11  Zergling x4  
  26  3:18  Drone x2  
  28  3:21  Baneling x2  
  28  3:24  Zergling x4  
  29  3:31  Baneling x2  
  29  3:38  Extractor  
  28  3:42  Queen  
  29  3:51  Baneling x2  
  29  3:59  Overlord  
  28  4:05  Hatchery  
  27  4:14  Zergling x4  
  27  4:15  Zergling x2  
  29  4:18  Drone x2  
  31  4:27  Drone  
  32  4:35  Baneling x2  
  32  4:39  Overlord  
  32  4:50  Drone x4  
  35  4:57  Baneling x4  
  35  5:00  Zergling x2  
  33  5:15  Zergling x2  
  33  5:17  Queen  
  36  5:23  Zergling x4  
  36  5:24  Drone  
  39  5:29  Drone x3  
  42  5:37  Roach Warren  
  42  5:38  Drone x2  
  43  5:45  Overlord  
  42  6:01  Overlord  
  41  6:05  Overlord x2  
  41  6:06  Overlord  
  41  6:17  Roach  
  41  6:18  Roach x3  
  49  6:26  Roach  
  49  6:27  Roach x3  
  57  6:33  Roach x2  
  57  6:35  Roach  
  62  6:46  Roach  
  64  6:48  Zergling x6  
  65  6:56  Zergling x2  
  65  6:57  Zergling x2  
  65  7:01  Roach  
  69  7:03  Roach  
  69  7:05  Zergling x10  
  75  7:17  Zergling x4  
  75  7:22  Zergling x2  
  74  7:35  Hatchery  
  74  7:38  Ravager  
Show
View Real Time Build Order
Export as new Build Order

NoRegreT Zerg 

Build Orders: Pool First, Zergling Baneling 

Get SALT Encoding   

  12  0:01  Drone  
  13  0:10  Drone  
  14  0:15  Extractor  
  14  0:17  Drone  
  14  0:33  Spawning Pool  
  13  0:36  Drone  
  14  0:42  Extractor  
  14  0:44  Drone  
  15  0:52  Overlord  
  15  1:20  Queen, Zergling x6  
  20  1:27  Metabolic Boost  
  20  1:34  Zergling x2  
  21  1:45  Baneling Nest, Zergling x2  
  21  1:52  Zergling x2  
  22  2:05  Overlord  
  22  2:23  Zergling x2  
  22  2:29  Zergling x2  
  24  2:30  Baneling x3, Zergling x4  
  24  2:31  Zergling x2, Baneling  
  26  2:39  Zergling x2  
  26  2:59  Zergling x2, Baneling x2  
  24  3:09  Zergling x4  
  24  3:10  Baneling, Zergling x2  
  24  3:12  Zergling x2  
  24  3:32  Baneling x2  
  24  3:35  Hatchery  
  23  3:45  Drone x3  
  23  3:53  Drone x2  
  25  3:56  Baneling  
  25  4:02  Drone  
  25  4:04  Drone  
  28  4:17  Zergling x2  
  28  4:20  Baneling  
  28  4:21  Baneling  
  29  4:25  Zergling x2  
  29  4:31  Drone  
  29  4:32  Roach Warren  
  29  4:37  Baneling  
  29  4:38  Baneling  
  28  4:39  Drone  
  29  4:46  Drone  
  29  4:47  Drone x2  
  29  4:48  Baneling  
  31  4:53  Drone  
  31  4:56  Zergling x2  
  33  5:01  Zergling x2  
  33  5:04  Zergling x2  
  35  5:09  Baneling x2  
  34  5:15  Baneling x2  
  34  5:17  Overlord  
  34  5:20  Overlord  
  34  5:26  Overlord  
  34  5:31  Overlord  
  34  5:36  Roach  
  34  5:39  Roach  
  34  5:40  Roach  
  39  5:50  Roach  
  40  5:58  Drone x2  
  40  6:02  Drone x3  
  44  6:07  Roach  
  44  6:11  Roach  
  48  6:16  Roach  
  50  6:19  Zergling x6  
  50  6:21  Queen  
  55  6:30  Roach  
  55  6:32  Zergling x2  
  58  6:40  Zergling x4  
  58  6:42  Overlord  
  58  6:44  Baneling  
  58  6:45  Baneling  
  59  6:54  Zergling x4  
  56  6:55  Zergling x4  
  56  7:00  Zergling x2  
  57  7:05  Roach  
  59  7:09  Roach  
  59  7:12  Zergling x4  
  59  7:16  Roach  
  59  7:21  Zergling x4  
Tags
 
Add a new tag
Caveats
  • Supply blocks, unpowered buildings, or Contaminate may cause inaccurate times.
  • Supply counts are checked every 10 seconds.